Stars vs Red Wings

Created - January 20, 2019 at 09:08

Goals
1 2 3 T
Stars 1 1 2 4
Red Wings 1 1 0 2
Shots
1 2 3 T
Stars 15 6 9 30
Red Wings 7 13 11 31

1st period

1. Stars , Jussi Jokinen 21 (Johnny Oduya 8, Brian Lee 17) at 9:19
2. Red Wings , Alex Picard 7 (Chris Kelly 9, Lubomir Visnovsky 7) at 18:30

Penalties :
Mike Richards (Det) for Roughing (Minor) at 12:11

2nd period

3. Red Wings , Ales Hemsky 8 (Brent Seabrook 24) at 8:44
4. Stars , Patrick Sharp 8 (Cory Emmerton 11, Alex Chiasson 11) at 10:37

Penalties :
No Penalty

3rd period

5. Stars , Guillaume Latendresse 13 (John Tavares 24, Antoine Vermette 20) at 14:21
6. Stars , Antoine Vermette 10 (Jussi Jokinen 29, B.J. Crombeen 8) at 14:43

Penalties :
B.J. Crombeen (Dal) for High sticking (Minor) at 11:51, Guillaume Latendresse (Dal) for Roughing (Minor) at 12:15, Guillaume Latendresse (Dal) for Unsportsmanlike conduct (Minor) at 16:00

Goalie Stats

Mike Brodeur (Dal), 29 saves from 31 shots - (0.935), W, 10-10-1, 60:00 minutes
John Gibson (Det), 26 saves from 30 shots - (0.867), L, 10-8-0, 60:00 minutes

Players Stats for Stars

Player Name              G  A  P  +/- PIM S  H  SB GA TA FO     MP     PP MP  PK MP  
------------------------------------------------------------------------------------
Alex Chiasson            0  1  1   1  0   0  1  0  0  0  0/0    12:20   0:11   0:00 
Antoine Vermette         1  1  2   0  0   3  4  1  0  1  9/16   15:48   0:50   0:51 
B.J. Crombeen            0  1  1   0  2   1  1  0  0  0  0/0    14:44   0:50   0:01 
Brian Lee                0  1  1   0  0   1  3  0  0  0  0/0    21:09   0:38   1:46 
Cory Emmerton            0  1  1   1  0   1  1  0  0  1  3/9    13:15   0:00   1:34 
Drew Fata                0  0  0   1  0   1  1  2  0  0  0/0    28:10   1:21   2:49 
Dustin Penner            0  0  0   1  0   1  0  0  0  0  0/0    10:18   0:00   1:25 
Evgeny Artyukhin         0  0  0   0  0   1  0  0  0  0  0/0     9:03   0:00   0:00 
Evgeny Grachev           0  0  0   0  0   2  0  1  1  1  1/2     8:54   0:00   0:00 
Guillaume Latendresse    1  0  1   1  4   4  1  0  0  0  1/2    21:09   0:58   0:23 
Ian White                0  0  0   0  0   2  1  0  0  1  0/0     8:32   1:21   0:00 
John Tavares             0  1  1   1  0   5  4  1  0  0  22/33  23:16   1:09   2:29 
Johnny Oduya             0  1  1   1  0   1  1  2  0  0  0/0    20:52   0:38   1:33 
Jussi Jokinen            1  1  2   0  0   3  2  0  0  1  0/0    15:05   0:50   0:25 
Michael Grabner          0  0  0   0  0   2  0  1  0  0  1/1    20:29   0:58   0:00 
Niklas Hjalmarsson       0  0  0   1  0   0  2  1  0  1  0/0    16:18   0:00   2:36 
Patrick Sharp            1  0  1   1  0   2  0  0  0  0  0/0    12:00   0:11   0:00 
Phil Oreskovic           0  0  0   1  0   0  3  1  0  1  0/0    22:38   0:00   0:00 

Players Stats for Red Wings

Player Name              G  A  P  +/- PIM S  H  SB GA TA FO     MP     PP MP  PK MP  
------------------------------------------------------------------------------------
Adam Henrique            0  0  0  -1  0   1  1  1  0  0  0/4    19:25   2:31   0:00 
Ales Hemsky              1  0  1   1  0   2  0  0  0  0  0/1     6:56   0:00   0:00 
Alex Picard              1  0  1  -2  0   6  1  1  1  0  1/1    12:22   0:00   0:09 
Brent Seabrook           0  1  1   0  0   3  1  0  1  0  0/0    22:28   3:09   0:00 
Carson Mcmillan          0  0  0  -2  0   1  3  0  0  0  0/0    13:11   0:00   1:00 
Chris Kelly              0  1  1  -2  0   2  2  0  0  0  6/9    13:26   0:00   1:00 
Jiri Fischer             0  0  0   0  0   0  0  2  0  1  0/0    15:58   0:00   0:43 
Lubomir Visnovsky        0  1  1   0  0   1  0  2  0  0  0/0    16:41   0:00   1:16 
Mike Richards            0  0  0   0  2   5  0  0  2  0  12/28  19:30   1:51   0:00 
Nate Thompson            0  0  0   1  0   1  1  0  0  0  1/2     6:56   0:00   0:00 
Oleg Saprykin            0  0  0   1  0   2  0  0  1  0  0/0     7:57   0:00   0:59 
Ole-Kristian Tollefsen   0  0  0  -2  0   1  2  0  1  0  0/0    20:51   1:13   0:43 
Phil Kessel              0  0  0  -1  0   2  1  0  0  0  1/1    19:03   2:31   0:00 
Philip Samuelsson        0  0  0  -1  0   0  1  1  0  0  0/0    23:26   3:09   1:16 
Ryan Whitney             0  0  0  -1  0   0  2  2  0  0  0/0    20:36   1:13   0:00 
Sean Bergenheim          0  0  0   0  0   2  2  0  1  0  1/2    20:22   1:51   0:50 
Tyler Seguin             0  0  0  -1  0   0  0  1  0  0  4/15   19:20   2:31   0:00 
Tyler Toffoli            0  0  0   0  0   2  0  1  0  0  0/0    19:32   1:51   0:00 

3 Stars

1 - Antoine Vermette (Dal)
2 - Jussi Jokinen (Dal)
3 - John Tavares (Dal)

Power Play

Stars - 0 on 1 Attempt(s) - 0.00%
Red Wings - 0 on 3 Attempt(s) - 0.00%

Penalty Kill

Stars - 3 on 3 Attempt(s) - 100.00% - Score 0 goal in Penalty Kill
Red Wings - 1 on 1 Attempt(s) - 100.00% - Score 0 goal in Penalty Kill

Team Stat

Stars - Hits : 25 - Faceoff Wins : 37 - Blocked Shots : 10 - Penalty Minutes : 6
Red Wings - Hits : 17 - Faceoff Wins : 26 - Blocked Shots : 11 - Penalty Minutes : 2

Official

Referees : Unknown
Linesman : Unknown

Game Notes

16:54 of 1st period - Stars goal is going for a video replay. After video review, No Goal. The net was displaced accidentally.
Ian White is injured at 18:58 of 1st period (Right Foot)

Finance

Level 1 -- Attendance: 5829 (97.15%) -- Ticket Income $507,123
Level 2 -- Attendance: 4977 (99.54%) -- Ticket Income $278,712
Level 3 -- Attendance: 1486 (74.30%) -- Ticket Income $56,468
Level 4 -- Attendance: 3310 (82.75%) -- Ticket Income $92,680
Luxury Box -- Attendance: 986 (98.60%) -- Ticket Income $162,690
Game was played at the Joe Louis Arena.
Total Attendance: 16588 (92.16%)
Total Ticket Income: $1,097,673
Other Income: $164,651
Total Income: $1,262,324

Stars

5 vs 5 Forward 
   Center                   Left Wing                Right Wing               Time % Phy DF OF 
 1 John Tavares             Guillaume Latendresse    Michael Grabner          40     1   2  2  
 2 Antoine Vermette         Jussi Jokinen            B.J. Crombeen            30     1   2  2  
 3 Cory Emmerton            Patrick Sharp            Alex Chiasson            20     1   2  2  
 4 Evgeny Grachev           Dustin Penner            Evgeny Artyukhin         10     1   2  2  

5 vs 5 Defense 
   Defense                  Defense                                           Time % Phy DF OF 
 1 Drew Fata                Ian White                                         40     1   2  2  
 2 Brian Lee                Johnny Oduya                                      30     1   2  2  
 3 Phil Oreskovic           Niklas Hjalmarsson                                20     1   2  2  
 4 Drew Fata                Ian White                                         10     1   2  2  

PowerPlay Forward 
   Center                   Left Wing                Right Wing               Time % Phy DF OF 
 1 John Tavares             Guillaume Latendresse    Michael Grabner          60     0   2  3  
 2 Antoine Vermette         Jussi Jokinen            B.J. Crombeen            40     0   2  3  

PowerPlay Defense
   Defense                  Defense                                           Time % Phy DF OF 
 1 Drew Fata                Ian White                                         60     0   2  3  
 2 Brian Lee                Johnny Oduya                                      40     0   2  3  

Penalty Kill 4 Players Forward 
   Center                   Wing                     Time % Phy DF OF 
 1 John Tavares             Guillaume Latendresse    60     0   3  2  
 2 Jussi Jokinen            Antoine Vermette         40     0   3  2  

Penalty Kill 4 Players Defense
   Defense                  Defense                  Time % Phy DF OF 
 1 Drew Fata                Ian White                60     0   3  2  
 2 Brian Lee                Johnny Oduya             40     0   3  2  

Penalty Kill - 3 Players Forward 
   Forward                                           Time % Phy DF OF 
 1 John Tavares                                      60     0   3  2  
 2 Guillaume Latendresse                             40     0   3  2  

Penalty Kill - 3 Players Defense
   Defense                  Defense                  Time % Phy DF OF 
 1 Drew Fata                Ian White                60     0   3  2  
 2 Brian Lee                Johnny Oduya             40     0   3  2  

4 vs 4 Forward 
   Center                   Wing                     Time % Phy DF OF 
 1 John Tavares             Guillaume Latendresse    60     1   2  2  
 2 Jussi Jokinen            Antoine Vermette         40     1   2  2  

4 vs 4 Defense
   Defense                  Defense                  Time % Phy DF OF 
 1 Drew Fata                Ian White                60     1   2  2  
 2 Brian Lee                Johnny Oduya             40     1   2  2  

Last Minutes Offensive
   Center                   Left Wing                Right Wing               Defense                  Defense                  
   John Tavares             Guillaume Latendresse    Michael Grabner          Drew Fata                Ian White                

Last Minutes Defensive
   Center                   Left Wing                Right Wing               Defense                  Defense                  
   John Tavares             Guillaume Latendresse    Michael Grabner          Drew Fata                Ian White                

Goaltenders
Starting : Mike Brodeur             
Backup : Jhonas Enroth            

Extra Forwards
Normal : Patrick Sharp, Alex Chiasson, Cory Emmerton - PP : Patrick Sharp, Alex Chiasson - PK : Cory Emmerton
Extra Defensemen
Normal : Phil Oreskovic, Niklas Hjalmarsson, Brian Lee - PP : Phil Oreskovic - PK : Niklas Hjalmarsson, Brian Lee
Penalty Shots
John Tavares, Guillaume Latendresse, Jussi Jokinen, Antoine Vermette, Patrick Sharp

Scratches
Boris Valabik (Healthy)

Red Wings

5 vs 5 Forward 
   Center                   Left Wing                Right Wing               Time % Phy DF OF 
 1 Mike Richards            Sean Bergenheim          Tyler Toffoli            36     0   2  3  
 2 Tyler Seguin             Adam Henrique            Phil Kessel              36     0   2  3  
 3 Chris Kelly              Alex Picard              Carson Mcmillan          20     0   3  2  
 4 Nate Thompson            Oleg Saprykin            Ales Hemsky              8      1   2  2  

5 vs 5 Defense 
   Defense                  Defense                                           Time % Phy DF OF 
 1 Brent Seabrook           Ryan Whitney                                      35     0   3  2  
 2 Ole-Kristian Tollefsen   Philip Samuelsson                                 35     0   3  2  
 3 Lubomir Visnovsky        Jiri Fischer                                      20     0   3  2  
 4 Lubomir Visnovsky        Jiri Fischer                                      10     0   3  2  

PowerPlay Forward 
   Center                   Left Wing                Right Wing               Time % Phy DF OF 
 1 Tyler Seguin             Adam Henrique            Phil Kessel              55     0   1  4  
 2 Mike Richards            Sean Bergenheim          Tyler Toffoli            45     0   1  4  

PowerPlay Defense
   Defense                  Defense                                           Time % Phy DF OF 
 1 Philip Samuelsson        Brent Seabrook                                    60     0   2  3  
 2 Ole-Kristian Tollefsen   Ryan Whitney                                      40     0   2  3  

Penalty Kill 4 Players Forward 
   Center                   Wing                     Time % Phy DF OF 
 1 Oleg Saprykin            Sean Bergenheim          50     1   2  2  
 2 Chris Kelly              Carson Mcmillan          50     1   2  2  

Penalty Kill 4 Players Defense
   Defense                  Defense                  Time % Phy DF OF 
 1 Lubomir Visnovsky        Philip Samuelsson        50     1   2  2  
 2 Jiri Fischer             Ole-Kristian Tollefsen   50     1   2  2  

Penalty Kill - 3 Players Forward 
   Forward                                           Time % Phy DF OF 
 1 Carson Mcmillan                                   60     1   2  2  
 2 Oleg Saprykin                                     40     1   2  2  

Penalty Kill - 3 Players Defense
   Defense                  Defense                  Time % Phy DF OF 
 1 Lubomir Visnovsky        Philip Samuelsson        50     1   2  2  
 2 Jiri Fischer             Ole-Kristian Tollefsen   50     1   2  2  

4 vs 4 Forward 
   Center                   Wing                     Time % Phy DF OF 
 1 Mike Richards            Adam Henrique            60     1   2  2  
 2 Tyler Seguin             Phil Kessel              40     1   2  2  

4 vs 4 Defense
   Defense                  Defense                  Time % Phy DF OF 
 1 Brent Seabrook           Jiri Fischer             60     1   2  2  
 2 Ole-Kristian Tollefsen   Philip Samuelsson        40     1   2  2  

Last Minutes Offensive
   Center                   Left Wing                Right Wing               Defense                  Defense                  
   Mike Richards            Adam Henrique            Phil Kessel              Brent Seabrook           Philip Samuelsson        

Last Minutes Defensive
   Center                   Left Wing                Right Wing               Defense                  Defense                  
   Chris Kelly              Sean Bergenheim          Carson Mcmillan          Jiri Fischer             Lubomir Visnovsky        

Goaltenders
Starting : John Gibson              
Backup : James Reimer             

Extra Forwards
Normal : Adam Henrique, Tyler Seguin, Chris Kelly - PP : Chris Kelly, Ales Hemsky - PK : Chris Kelly
Extra Defensemen
Normal : Brent Seabrook, Philip Samuelsson, Lubomir Visnovsky - PP : Jiri Fischer - PK : Brent Seabrook, Ole-Kristian Tollefsen
Penalty Shots
Phil Kessel, Mike Richards, Tyler Seguin, Carson Mcmillan, Alex Picard

Scratches
Brendan Bell (Healthy), Michael Haley (Healthy)

% Time on Ice - Stars

Lines # - Real PCT - Wanted PCT - Time Play
Normal Forward
1 - 37% - 40% - 20:00
2 - 25% - 30% - 13:26
3 - 21% - 20% - 11:28
4 - 16% - 10% - 8:45
Normal Defense
1 - 42% - 40% - 22:33
2 - 31% - 30% - 16:40
3 - 19% - 20% - 10:02
4 - 8% - 10% - 4:24
PP Forward
1 - 58% - 60% - 1:09
2 - 42% - 40% - 0:50
PP Defense
1 - 68% - 60% - 1:21
2 - 32% - 40% - 0:38
PK Forward
1 - 99% - 60% - 2:46
2 - 1% - 40% - 0:01
PK Defense
1 - 73% - 60% - 2:02
2 - 27% - 40% - 0:45
PK3 Forward
1 - 78% - 60% - 1:14
2 - 22% - 40% - 0:21
PK3 Defense
1 - 62% - 60% - 0:59
2 - 38% - 40% - 0:36
44 Forward
1 - 0% - 60%
2 - 0% - 40%
44 Defense
1 - 0% - 60%
2 - 0% - 40%
Last Minute Offensive  - 0:00
Last Minute Defensive  - 0:00
Total
Forward - 60:00
Defense - 60:00

% Time on Ice - Red Wings

Lines # - Real PCT - Wanted PCT - Time Play
Normal Forward
1 - 34% - 36% - 18:01
2 - 31% - 36% - 16:31
3 - 23% - 20% - 12:11
4 - 13% - 8% - 6:56
Normal Defense
1 - 36% - 35% - 19:29
2 - 35% - 35% - 18:55
3 - 19% - 20% - 10:25
4 - 9% - 10% - 4:50
PP Forward
1 - 58% - 55% - 2:31
2 - 42% - 45% - 1:51
PP Defense
1 - 72% - 60% - 3:09
2 - 28% - 40% - 1:13
PK Forward
1 - 50% - 50% - 0:59
2 - 50% - 50% - 1:00
PK Defense
1 - 64% - 50% - 1:16
2 - 36% - 50% - 0:43
PK3 Forward
1 - 0% - 60%
2 - 0% - 40%
PK3 Defense
1 - 0% - 50%
2 - 0% - 50%
44 Forward
1 - 0% - 60%
2 - 0% - 40%
44 Defense
1 - 0% - 60%
2 - 0% - 40%
Last Minute Offensive  - 0:00
Last Minute Defensive  - 0:00
Total
Forward - 60:00
Defense - 60:00

Play-by-Play

1st period


0:01 of 1st period - Michael Grabner wins face-off versus Mike Richards in neutral zone.
0:35 of 1st period - Wrist shot by Patrick Sharp.
0:35 of 1st period - Deflect By Cory Emmerton.
0:35 of 1st period - Shot Misses the Net.
0:35 of 1st period - Puck is out of play.
0:36 of 1st period - Tyler Seguin wins face-off versus Cory Emmerton in Red Wings zone.
0:38 of 1st period - Icing by Phil Kessel.
0:39 of 1st period - Tyler Seguin wins face-off versus Antoine Vermette in Red Wings zone.
1:06 of 1st period - Wrist shot by Alex Picard.
1:06 of 1st period - Stopped by Mike Brodeur with a rebound.
2:04 of 1st period - Lubomir Visnovsky is hit by Antoine Vermette and loses puck.
2:11 of 1st period - Wrist shot by Jussi Jokinen.
2:11 of 1st period - Stopped by John Gibson with a rebound.
2:13 of 1st period - Snap shot by Johnny Oduya.
2:13 of 1st period - Deflect By Jussi Jokinen.
2:13 of 1st period - Stopped by John Gibson with a rebound.
3:03 of 1st period - Slapshot by Dustin Penner.
3:03 of 1st period - Shot Misses the Net.
3:23 of 1st period - Wrist shot by John Tavares.
3:23 of 1st period - Stopped by John Gibson with a rebound.
4:04 of 1st period - Slapshot by Alex Picard.
4:04 of 1st period - Shot Misses the Net.
4:18 of 1st period - Mike Richards is hit by Brian Lee and loses puck.
4:23 of 1st period - Wrist shot by John Tavares.
4:23 of 1st period - Stopped by John Gibson without a rebound.
4:24 of 1st period - John Tavares wins face-off versus Tyler Seguin in Red Wings zone.
4:37 of 1st period - Snap shot by John Tavares.
4:37 of 1st period - Shot Blocked by Ryan Whitney.
4:39 of 1st period - Slapshot by Ian White.
4:39 of 1st period - Stopped by John Gibson with a rebound.
4:51 of 1st period - Drew Fata is hit by Sean Bergenheim.
5:08 of 1st period - Johnny Oduya is hit by Carson Mcmillan and loses puck.
5:28 of 1st period - Off-side.
5:29 of 1st period - Guillaume Latendresse wins face-off versus Ales Hemsky in neutral zone.
6:50 of 1st period - Snap shot by Ales Hemsky.
6:50 of 1st period - Shot Blocked by Evgeny Grachev.
7:04 of 1st period - Snap shot by Michael Grabner.
7:04 of 1st period - Stopped by John Gibson without a rebound.
7:05 of 1st period - Phil Kessel wins face-off versus John Tavares in Red Wings zone.
7:19 of 1st period - Wrist shot by Guillaume Latendresse.
7:19 of 1st period - Shot Misses the Net.
7:21 of 1st period - Snap shot by Guillaume Latendresse.
7:21 of 1st period - Shot Misses the Net.
7:27 of 1st period - Snap shot by Guillaume Latendresse.
7:27 of 1st period - Shot Misses the Net.
7:40 of 1st period - Wrist shot by Phil Kessel.
7:40 of 1st period - Stopped by Mike Brodeur without a rebound.
7:41 of 1st period - Antoine Vermette wins face-off versus Mike Richards in Stars zone.
9:19 of 1st period - Snap shot by Jussi Jokinen.
9:19 of 1st period - Goal by Jussi Jokinen - Stars : 1 - Red Wings : 0.
9:20 of 1st period - Mike Richards wins face-off versus John Tavares in neutral zone.
9:29 of 1st period - Slapshot by Brent Seabrook.
9:29 of 1st period - Stopped by Mike Brodeur with a rebound.
9:58 of 1st period - Brent Seabrook is hit by B.J. Crombeen and loses puck.
10:17 of 1st period - Snap shot by Chris Kelly.
10:17 of 1st period - Stopped by Mike Brodeur with a rebound.
10:19 of 1st period - Wrist shot by Alex Picard.
10:19 of 1st period - Shot Blocked by Johnny Oduya.
10:43 of 1st period - Slapshot by Alex Chiasson.
10:43 of 1st period - Deflect By Jiri Fischer.
10:43 of 1st period - Shot Misses the Net.
10:43 of 1st period - Puck is out of play.
10:44 of 1st period - John Tavares wins face-off versus Mike Richards in Red Wings zone.
11:09 of 1st period - Ole-Kristian Tollefsen is hit by Antoine Vermette and loses puck.
11:32 of 1st period - Wrist shot by Carson Mcmillan.
11:32 of 1st period - Shot Blocked by Phil Oreskovic.
11:34 of 1st period - Wrist shot by Carson Mcmillan.
11:34 of 1st period - Shot Misses the Net.
11:36 of 1st period - Snap shot by Carson Mcmillan.
11:36 of 1st period - Stopped by Mike Brodeur without a rebound.
11:37 of 1st period - John Tavares wins face-off versus Mike Richards in Stars zone.
12:11 of 1st period - Minor Penalty to Mike Richards for Roughing.
12:12 of 1st period - Chris Kelly wins face-off versus John Tavares in Red Wings zone.
13:51 of 1st period - Michael Grabner is hit by Chris Kelly and loses puck.
14:11 of 1st period - Penalty to Mike Richards is over, Mike Richards is back on ice.
14:20 of 1st period - Wrist shot by Adam Henrique.
14:20 of 1st period - Stopped by Mike Brodeur without a rebound.
14:21 of 1st period - Evgeny Grachev wins face-off versus Tyler Seguin in Stars zone.
14:56 of 1st period - Phil Oreskovic is hit by Ole-Kristian Tollefsen and loses puck.
15:34 of 1st period - Tyler Seguin is hit by Ian White and loses puck.
15:55 of 1st period - Wrist shot by Evgeny Grachev.
15:55 of 1st period - Shot Misses the Net.
15:57 of 1st period - Wrist shot by Evgeny Grachev.
15:57 of 1st period - Shot Misses the Net.
15:59 of 1st period - Slapshot by Ian White.
15:59 of 1st period - Deflect By Evgeny Grachev.
15:59 of 1st period - Stopped by John Gibson with a rebound.
16:01 of 1st period - Slapshot by Evgeny Grachev.
16:01 of 1st period - Shot Misses the Net.
16:03 of 1st period - Slapshot by Ian White.
16:03 of 1st period - Stopped by John Gibson with a rebound.
16:05 of 1st period - Snap shot by Evgeny Grachev.
16:05 of 1st period - Stopped by John Gibson with a rebound.
16:07 of 1st period - Snap shot by Dustin Penner.
16:07 of 1st period - Shot Misses the Net.
16:09 of 1st period - Wrist shot by Evgeny Artyukhin.
16:09 of 1st period - Stopped by John Gibson without a rebound.
16:10 of 1st period - John Tavares wins face-off versus Sean Bergenheim in Red Wings zone.
16:37 of 1st period - Carson Mcmillan is hit by Brian Lee and loses puck.
16:54 of 1st period - Wrist shot by Cory Emmerton.
16:54 of 1st period - Stars goal is going for a video replay.
16:54 of 1st period - The goal is refused. The net was displaced accidentally..
16:55 of 1st period - Nate Thompson wins face-off versus Cory Emmerton in Red Wings zone.
17:44 of 1st period - Wrist shot by Ian White.
17:44 of 1st period - Shot Blocked by Alex Picard.
17:46 of 1st period - Wrist shot by Ian White.
17:46 of 1st period - Shot Misses the Net.
17:48 of 1st period - Snap shot by Antoine Vermette.
17:48 of 1st period - Stopped by John Gibson without a rebound.
17:49 of 1st period - John Tavares wins face-off versus Mike Richards in Red Wings zone.
17:50 of 1st period - Slapshot by Guillaume Latendresse.
17:50 of 1st period - Stopped by John Gibson without a rebound.
17:51 of 1st period - John Tavares wins face-off versus Mike Richards in Red Wings zone.
18:30 of 1st period - Wrist shot by Alex Picard.
18:30 of 1st period - Goal by Alex Picard - Stars : 1 - Red Wings : 1.
18:31 of 1st period - Mike Richards wins face-off versus John Tavares in neutral zone.
18:57 of 1st period - Ian White is hit by Adam Henrique and loses puck.
18:58 of 1st period - Ian White from Stars is injured at 18:58 of 1st period (Right Foot).
18:59 of 1st period - Mike Richards wins face-off versus John Tavares in Stars zone.
19:08 of 1st period - Snap shot by Sean Bergenheim.
19:08 of 1st period - Shot Misses the Net.
19:57 of 1st period - Snap shot by Patrick Sharp.
19:57 of 1st period - Stopped by John Gibson without a rebound.
19:58 of 1st period - John Tavares wins face-off versus Mike Richards in Red Wings zone.
Goals for this period are 1 for Stars vs 1 for Red Wings.
Shots for this period are 15 for Stars vs 7 for Red Wings.

2nd period


0:01 of 2nd period - John Tavares wins face-off versus Mike Richards in neutral zone.
0:12 of 2nd period - Wrist shot by Michael Grabner.
0:12 of 2nd period - Shot Misses the Net.
0:26 of 2nd period - Adam Henrique is hit by Jussi Jokinen.
1:00 of 2nd period - Snap shot by Evgeny Grachev.
1:00 of 2nd period - Deflect By Phil Kessel.
1:00 of 2nd period - Shot Blocked by Ryan Whitney.
1:00 of 2nd period - Puck is out of play.
1:01 of 2nd period - John Tavares wins face-off versus Mike Richards in Red Wings zone.
1:10 of 2nd period - Backhand shot by Mike Richards.
1:10 of 2nd period - Stopped by Mike Brodeur with a rebound.
1:12 of 2nd period - Slapshot by Ole-Kristian Tollefsen.
1:12 of 2nd period - Shot Blocked by Michael Grabner.
1:26 of 2nd period - Philip Samuelsson is hit by Jussi Jokinen and loses puck.
2:28 of 2nd period - Snap shot by Dustin Penner.
2:28 of 2nd period - Stopped by John Gibson without a rebound.
2:29 of 2nd period - John Tavares wins face-off versus Tyler Seguin in Red Wings zone.
2:32 of 2nd period - Slapshot by John Tavares.
2:32 of 2nd period - Shot Blocked by Adam Henrique.
2:38 of 2nd period - Wrist shot by John Tavares.
2:38 of 2nd period - Shot Misses the Net.
3:30 of 2nd period - Wrist shot by Adam Henrique.
3:30 of 2nd period - Shot Blocked by John Tavares.
3:46 of 2nd period - Snap shot by Guillaume Latendresse.
3:46 of 2nd period - Shot Misses the Net.
3:52 of 2nd period - Guillaume Latendresse is hit by Phil Kessel and loses puck.
4:07 of 2nd period - Snap shot by Phil Kessel.
4:07 of 2nd period - Stopped by Mike Brodeur with a rebound.
4:09 of 2nd period - Slapshot by Lubomir Visnovsky.
4:09 of 2nd period - Stopped by Mike Brodeur without a rebound.
4:10 of 2nd period - Antoine Vermette wins face-off versus Mike Richards in Stars zone.
5:05 of 2nd period - Snap shot by Nate Thompson.
5:05 of 2nd period - Stopped by Mike Brodeur without a rebound.
5:06 of 2nd period - Mike Richards wins face-off versus Antoine Vermette in Stars zone.
5:19 of 2nd period - Off-side.
5:20 of 2nd period - Mike Richards wins face-off versus Antoine Vermette in neutral zone.
5:35 of 2nd period - Snap shot by Sean Bergenheim.
5:35 of 2nd period - Stopped by Mike Brodeur with a rebound.
5:49 of 2nd period - Snap shot by Oleg Saprykin.
5:49 of 2nd period - Shot Misses the Net.
5:51 of 2nd period - Slapshot by Ole-Kristian Tollefsen.
5:51 of 2nd period - Shot Misses the Net.
5:53 of 2nd period - Snap shot by Oleg Saprykin.
5:53 of 2nd period - Deflect By B.J. Crombeen.
5:53 of 2nd period - Shot Blocked by Antoine Vermette.
5:53 of 2nd period - Puck is out of play.
5:54 of 2nd period - Cory Emmerton wins face-off versus Mike Richards in Stars zone.
6:19 of 2nd period - Philip Samuelsson is hit by Phil Oreskovic and loses puck.
7:49 of 2nd period - Ryan Whitney is hit by Guillaume Latendresse and loses puck.
8:14 of 2nd period - Snap shot by Alex Picard.
8:14 of 2nd period - Stopped by Mike Brodeur with a rebound.
8:24 of 2nd period - B.J. Crombeen is hit by Ryan Whitney.
8:28 of 2nd period - Slapshot by Jussi Jokinen.
8:28 of 2nd period - Shot Misses the Net.
8:42 of 2nd period - Slapshot by Brent Seabrook.
8:42 of 2nd period - Stopped by Mike Brodeur with a rebound.
8:44 of 2nd period - Snap shot by Ales Hemsky.
8:44 of 2nd period - Goal by Ales Hemsky - Stars : 1 - Red Wings : 2.
8:45 of 2nd period - Mike Richards wins face-off versus John Tavares in neutral zone.
8:52 of 2nd period - John Tavares is hit by Sean Bergenheim and loses puck.
8:59 of 2nd period - Snap shot by Drew Fata.
8:59 of 2nd period - Stopped by John Gibson without a rebound.
9:00 of 2nd period - Antoine Vermette wins face-off versus Tyler Seguin in Red Wings zone.
9:11 of 2nd period - Slapshot by Jussi Jokinen.
9:11 of 2nd period - Shot Blocked by Lubomir Visnovsky.
9:25 of 2nd period - Lubomir Visnovsky is hit by John Tavares.
9:45 of 2nd period - Wrist shot by Alex Picard.
9:45 of 2nd period - Deflect By Chris Kelly.
9:45 of 2nd period - Stopped by Mike Brodeur without a rebound.
9:46 of 2nd period - Chris Kelly wins face-off versus Cory Emmerton in Stars zone.
9:47 of 2nd period - Slapshot by Brent Seabrook.
9:47 of 2nd period - Deflect By Alex Picard.
9:47 of 2nd period - Stopped by Mike Brodeur without a rebound.
9:48 of 2nd period - Cory Emmerton wins face-off versus Chris Kelly in Stars zone.
10:13 of 2nd period - Cory Emmerton is hit by Carson Mcmillan and loses puck.
10:33 of 2nd period - Backhand shot by Patrick Sharp.
10:33 of 2nd period - Shot Misses the Net.
10:35 of 2nd period - Snap shot by Patrick Sharp.
10:35 of 2nd period - Shot Misses the Net.
10:37 of 2nd period - Snap shot by Cory Emmerton.
10:37 of 2nd period - Deflect By Patrick Sharp.
10:37 of 2nd period - Goal by Patrick Sharp - Stars : 2 - Red Wings : 2.
10:38 of 2nd period - John Tavares wins face-off versus Mike Richards in neutral zone.
10:45 of 2nd period - Slapshot by Brian Lee.
10:45 of 2nd period - Shot Blocked by Jiri Fischer.
10:47 of 2nd period - Wrist shot by Michael Grabner.
10:47 of 2nd period - Shot Blocked by Tyler Toffoli.
10:49 of 2nd period - Slapshot by Michael Grabner.
10:49 of 2nd period - Deflect By John Tavares.
10:49 of 2nd period - Shot Misses the Net.
10:49 of 2nd period - Puck is out of play.
10:50 of 2nd period - John Tavares wins face-off versus Mike Richards in Red Wings zone.
10:57 of 2nd period - Backhand shot by Mike Richards.
10:57 of 2nd period - Stopped by Mike Brodeur without a rebound.
10:58 of 2nd period - Mike Richards wins face-off versus Guillaume Latendresse in Stars zone.
11:37 of 2nd period - Mike Richards is hit by Niklas Hjalmarsson and loses puck.
13:10 of 2nd period - Snap shot by John Tavares.
13:10 of 2nd period - Stopped by John Gibson with a rebound.
13:12 of 2nd period - Slapshot by Niklas Hjalmarsson.
13:12 of 2nd period - Deflect By John Tavares.
13:12 of 2nd period - Stopped by John Gibson without a rebound.
13:13 of 2nd period - Antoine Vermette wins face-off versus Adam Henrique in Red Wings zone.
14:42 of 2nd period - Chris Kelly is hit by Johnny Oduya and loses puck.
14:49 of 2nd period - Antoine Vermette is hit by Carson Mcmillan and loses puck.
15:25 of 2nd period - B.J. Crombeen is hit by Ole-Kristian Tollefsen and loses puck.
15:46 of 2nd period - Icing by Alex Picard.
15:47 of 2nd period - Cory Emmerton wins face-off versus Adam Henrique in Red Wings zone.
15:56 of 2nd period - Antoine Vermette is hit by Alex Picard and loses puck.
16:15 of 2nd period - Evgeny Grachev is hit by Nate Thompson and loses puck.
16:34 of 2nd period - Phil Kessel is hit by Cory Emmerton and loses puck.
17:42 of 2nd period - Brian Lee is hit by Brent Seabrook and loses puck.
18:16 of 2nd period - Wrist shot by Brian Lee.
18:16 of 2nd period - Deflect By Brent Seabrook.
18:16 of 2nd period - Stopped by John Gibson with a rebound.
18:18 of 2nd period - Slapshot by Brian Lee.
18:18 of 2nd period - Deflect By Dustin Penner.
18:18 of 2nd period - Shot Blocked by Tyler Seguin.
18:18 of 2nd period - Puck is out of play.
18:19 of 2nd period - John Tavares wins face-off versus Mike Richards in Red Wings zone.
18:53 of 2nd period - Ole-Kristian Tollefsen is hit by Phil Oreskovic and loses puck.
19:12 of 2nd period - Slapshot by Oleg Saprykin.
19:12 of 2nd period - Stopped by Mike Brodeur with a rebound.
19:14 of 2nd period - Backhand shot by Ole-Kristian Tollefsen.
19:14 of 2nd period - Stopped by Mike Brodeur with a rebound.
19:16 of 2nd period - Wrist shot by Nate Thompson.
19:16 of 2nd period - Shot Misses the Net.
19:18 of 2nd period - Wrist shot by Nate Thompson.
19:18 of 2nd period - Shot Misses the Net.
19:43 of 2nd period - Icing by Niklas Hjalmarsson.
19:44 of 2nd period - John Tavares wins face-off versus Tyler Seguin in Stars zone.
Goals for this period are 1 for Stars vs 1 for Red Wings.
Shots for this period are 6 for Stars vs 13 for Red Wings.

3rd period


0:01 of 3rd period - Antoine Vermette wins face-off versus Tyler Seguin in neutral zone.
0:06 of 3rd period - Wrist shot by Jussi Jokinen.
0:06 of 3rd period - Shot Blocked by Jiri Fischer.
0:08 of 3rd period - Wrist shot by B.J. Crombeen.
0:08 of 3rd period - Shot Misses the Net.
0:50 of 3rd period - Off-side.
0:51 of 3rd period - Chris Kelly wins face-off versus Cory Emmerton in neutral zone.
1:16 of 3rd period - Philip Samuelsson is hit by Brian Lee.
1:21 of 3rd period - Off-side.
1:22 of 3rd period - John Tavares wins face-off versus Tyler Seguin in neutral zone.
1:25 of 3rd period - Brent Seabrook is hit by John Tavares and loses puck.
3:12 of 3rd period - Mike Richards is hit by Antoine Vermette and loses puck.
3:23 of 3rd period - Wrist shot by Mike Richards.
3:23 of 3rd period - Shot Blocked by Johnny Oduya.
3:38 of 3rd period - Brian Lee is hit by Philip Samuelsson and loses puck.
3:53 of 3rd period - Slapshot by Evgeny Grachev.
3:53 of 3rd period - Shot Misses the Net.
3:59 of 3rd period - Slapshot by Ryan Whitney.
3:59 of 3rd period - Shot Misses the Net.
4:01 of 3rd period - Slapshot by Ryan Whitney.
4:01 of 3rd period - Shot Misses the Net.
4:03 of 3rd period - Snap shot by Oleg Saprykin.
4:03 of 3rd period - Shot Misses the Net.
4:17 of 3rd period - Backhand shot by John Tavares.
4:17 of 3rd period - Shot Misses the Net.
4:23 of 3rd period - Wrist shot by John Tavares.
4:23 of 3rd period - Shot Misses the Net.
4:25 of 3rd period - Slapshot by Guillaume Latendresse.
4:25 of 3rd period - Stopped by John Gibson with a rebound.
4:27 of 3rd period - Snap shot by Johnny Oduya.
4:27 of 3rd period - Stopped by John Gibson without a rebound.
4:28 of 3rd period - Antoine Vermette wins face-off versus Mike Richards in Red Wings zone.
4:55 of 3rd period - Lubomir Visnovsky is hit by John Tavares and loses puck.
5:16 of 3rd period - Ole-Kristian Tollefsen is hit by Niklas Hjalmarsson and loses puck.
5:23 of 3rd period - Chris Kelly is hit by Alex Chiasson and loses puck.
5:38 of 3rd period - Wrist shot by Mike Richards.
5:38 of 3rd period - Stopped by Mike Brodeur with a rebound.
5:43 of 3rd period - Off-side.
5:44 of 3rd period - Mike Richards wins face-off versus Antoine Vermette in neutral zone.
5:50 of 3rd period - Icing by Drew Fata.
5:51 of 3rd period - Antoine Vermette wins face-off versus Adam Henrique in Stars zone.
5:58 of 3rd period - Wrist shot by B.J. Crombeen.
5:58 of 3rd period - Stopped by John Gibson without a rebound.
5:59 of 3rd period - John Tavares wins face-off versus Tyler Seguin in Red Wings zone.
6:06 of 3rd period - Slapshot by Guillaume Latendresse.
6:06 of 3rd period - Shot Misses the Net.
6:08 of 3rd period - Wrist shot by John Tavares.
6:08 of 3rd period - Shot Misses the Net.
6:10 of 3rd period - Snap shot by Guillaume Latendresse.
6:10 of 3rd period - Stopped by John Gibson with a rebound.
6:12 of 3rd period - Slapshot by Michael Grabner.
6:12 of 3rd period - Shot Misses the Net.
6:14 of 3rd period - Wrist shot by John Tavares.
6:14 of 3rd period - Deflect By Michael Grabner.
6:14 of 3rd period - Stopped by John Gibson with a rebound.
6:26 of 3rd period - Ole-Kristian Tollefsen is hit by Antoine Vermette and loses puck.
6:55 of 3rd period - Philip Samuelsson is hit by Drew Fata and loses puck.
8:11 of 3rd period - Slapshot by Evgeny Grachev.
8:11 of 3rd period - Deflect By Evgeny Artyukhin.
8:11 of 3rd period - Shot Misses the Net.
8:11 of 3rd period - Puck is out of play.
8:12 of 3rd period - Chris Kelly wins face-off versus Evgeny Grachev in Red Wings zone.
8:27 of 3rd period - Slapshot by Chris Kelly.
8:27 of 3rd period - Deflect By Alex Picard.
8:27 of 3rd period - Stopped by Mike Brodeur without a rebound.
8:28 of 3rd period - John Tavares wins face-off versus Tyler Seguin in Stars zone.
8:35 of 3rd period - Icing by Phil Kessel.
8:36 of 3rd period - Tyler Seguin wins face-off versus John Tavares in Red Wings zone.
8:55 of 3rd period - Slapshot by Drew Fata.
8:55 of 3rd period - Deflect By Guillaume Latendresse.
8:55 of 3rd period - Shot Blocked by Lubomir Visnovsky.
8:55 of 3rd period - Puck is out of play.
8:56 of 3rd period - Mike Richards wins face-off versus Antoine Vermette in Red Wings zone.
9:21 of 3rd period - Jussi Jokinen is hit by Chris Kelly and loses puck.
9:52 of 3rd period - Slapshot by Michael Grabner.
9:52 of 3rd period - Shot Hit the Post.
10:41 of 3rd period - Wrist shot by Sean Bergenheim.
10:41 of 3rd period - Shot Misses the Net.
10:51 of 3rd period - Slapshot by John Tavares.
10:51 of 3rd period - Shot Misses the Net.
10:53 of 3rd period - Snap shot by John Tavares.
10:53 of 3rd period - Stopped by John Gibson without a rebound.
10:54 of 3rd period - Chris Kelly wins face-off versus John Tavares in Red Wings zone.
10:54 of 3rd period - Chris Kelly is hit by Phil Oreskovic.
11:29 of 3rd period - Snap shot by Alex Picard.
11:29 of 3rd period - Stopped by Mike Brodeur without a rebound.
11:30 of 3rd period - Mike Richards wins face-off versus Antoine Vermette in Stars zone.
11:31 of 3rd period - Slapshot by Sean Bergenheim.
11:31 of 3rd period - Shot Blocked by Drew Fata.
11:33 of 3rd period - Wrist shot by Mike Richards.
11:33 of 3rd period - Stopped by Mike Brodeur with a rebound.
11:35 of 3rd period - Snap shot by Tyler Toffoli.
11:35 of 3rd period - Stopped by Mike Brodeur with a rebound.
11:37 of 3rd period - Snap shot by Mike Richards.
11:37 of 3rd period - Shot Blocked by Niklas Hjalmarsson.
11:51 of 3rd period - Minor Penalty to B.J. Crombeen for High sticking.
11:52 of 3rd period - John Tavares wins face-off versus Tyler Seguin in Stars zone.
12:15 of 3rd period - Minor Penalty to Guillaume Latendresse for Roughing.
12:16 of 3rd period - Tyler Seguin wins face-off versus John Tavares in Stars zone.
12:43 of 3rd period - Tyler Toffoli is hit by John Tavares and loses puck.
13:51 of 3rd period - Penalty to B.J. Crombeen is over, B.J. Crombeen is back on ice.
14:15 of 3rd period - Penalty to Guillaume Latendresse is over, Guillaume Latendresse is back on ice.
14:21 of 3rd period - Snap shot by Guillaume Latendresse.
14:21 of 3rd period - Goal by Guillaume Latendresse - Stars : 3 - Red Wings : 2.
14:22 of 3rd period - Antoine Vermette wins face-off versus Chris Kelly in neutral zone.
14:27 of 3rd period - Slapshot by Antoine Vermette.
14:27 of 3rd period - Shot Misses the Net.
14:29 of 3rd period - Snap shot by Antoine Vermette.
14:29 of 3rd period - Stopped by John Gibson with a rebound.
14:31 of 3rd period - Slapshot by Niklas Hjalmarsson.
14:31 of 3rd period - Deflect By Antoine Vermette.
14:31 of 3rd period - Shot Misses the Net.
14:31 of 3rd period - Puck is out of play.
14:32 of 3rd period - Antoine Vermette wins face-off versus Chris Kelly in Red Wings zone.
14:41 of 3rd period - Wrist shot by Jussi Jokinen.
14:41 of 3rd period - Shot Misses the Net.
14:43 of 3rd period - Slapshot by Antoine Vermette.
14:43 of 3rd period - Goal by Antoine Vermette - Stars : 4 - Red Wings : 2.
14:44 of 3rd period - Mike Richards wins face-off versus John Tavares in neutral zone.
14:49 of 3rd period - Slapshot by Brent Seabrook.
14:49 of 3rd period - Stopped by Mike Brodeur without a rebound.
14:50 of 3rd period - Sean Bergenheim wins face-off versus John Tavares in Stars zone.
14:55 of 3rd period - Wrist shot by Tyler Toffoli.
14:55 of 3rd period - Stopped by Mike Brodeur with a rebound.
15:03 of 3rd period - Snap shot by Tyler Toffoli.
15:03 of 3rd period - Deflect By Sean Bergenheim.
15:03 of 3rd period - Shot Blocked by Drew Fata.
15:03 of 3rd period - Puck is out of play.
15:04 of 3rd period - Mike Richards wins face-off versus Cory Emmerton in Stars zone.
15:17 of 3rd period - Snap shot by Sean Bergenheim.
15:17 of 3rd period - Stopped by Mike Brodeur with a rebound.
15:19 of 3rd period - Snap shot by Mike Richards.
15:19 of 3rd period - Shot Misses the Net.
15:55 of 3rd period - Wrist shot by Oleg Saprykin.
15:55 of 3rd period - Stopped by Mike Brodeur with a rebound.
15:57 of 3rd period - Slapshot by Ales Hemsky.
15:57 of 3rd period - Stopped by Mike Brodeur without a rebound.
15:58 of 3rd period - John Tavares wins face-off versus Nate Thompson in Stars zone.
16:00 of 3rd period - Minor Penalty to Guillaume Latendresse for Unsportsmanlike conduct.
16:01 of 3rd period - John Tavares wins face-off versus Adam Henrique in Stars zone.
16:37 of 3rd period - Backhand shot by Brent Seabrook.
16:37 of 3rd period - Deflect By Mike Richards.
16:37 of 3rd period - Stopped by Mike Brodeur with a rebound.
16:39 of 3rd period - Slapshot by Brent Seabrook.
16:39 of 3rd period - Deflect By Mike Richards.
16:39 of 3rd period - Shot Misses the Net.
16:39 of 3rd period - Puck is out of play.
16:40 of 3rd period - John Tavares wins face-off versus Tyler Seguin in Stars zone.
18:00 of 3rd period - Penalty to Guillaume Latendresse is over, Guillaume Latendresse is back on ice.
18:06 of 3rd period - Icing by Antoine Vermette.
18:07 of 3rd period - Alex Picard wins face-off versus Antoine Vermette in Stars zone.
18:10 of 3rd period - Wrist shot by Chris Kelly.
18:10 of 3rd period - Deflect By Alex Picard.
18:10 of 3rd period - Shot Misses the Net.
18:10 of 3rd period - Puck is out of play.
18:11 of 3rd period - Chris Kelly wins face-off versus Cory Emmerton in Stars zone.
18:26 of 3rd period - Wrist shot by Chris Kelly.
18:26 of 3rd period - Deflect By Carson Mcmillan.
18:26 of 3rd period - Shot Misses the Net.
18:26 of 3rd period - Puck is out of play.
18:27 of 3rd period - John Tavares wins face-off versus Mike Richards in Stars zone.
18:42 of 3rd period - Backhand shot by Guillaume Latendresse.
18:42 of 3rd period - Shot Blocked by Philip Samuelsson.
19:38 of 3rd period - Johnny Oduya is hit by Ryan Whitney and loses puck.
Goals for this period are 2 for Stars vs 0 for Red Wings.
Shots for this period are 9 for Stars vs 11 for Red Wings.